 Dungeon Sprint DCSS version 0.29-a0-319-gad05b8d819 (webtiles) character file.

Game seed: 16502248653205122076

85799 mhtbhm the Axe Maniac (level 14, -4/163 HPs)
             Began as a Minotaur Berserker on Apr 2, 2022.
             Was the Champion of Trog.
             Slain by a deep elf blademaster
             ... wielding a +0 rapier
              (11 damage)
             ... in the Dungeon (Sprint III: "The Ten Rune Challenge").
             The game lasted 00:18:34 (8479 turns).

mhtbhm the Axe Maniac (Minotaur Berserker)          Turns: 8479, Time: 00:18:37

Health: -4/163     AC: 20    Str: 29    XL:     14   Next: 47%
Magic:  13/13      EV: 19    Int:  9    God:    Trog [******]
Gold:   2519       SH: 13    Dex: 12    Spells: 13/13 levels left

rFire   + . .      SeeInvis +   a - +14 obsidian axe {vorpal, Mesm Drain Fly SInv}
rCold   + . .      Faith    .   K - +1 buckler "Lipeipt" {Rampage Dex+2}
rNeg    . . .      Spirit   .   b - +0 chain mail {rF+}
rPois   +          Reflect  +   (helmet restricted)
rElec   +          Harm     .   (no cloak)
rCorr   +          Rampage  +   (no gloves)
Will    ++++.      NoTele   +   y - +2 pair of boots
Stlth   +.........              r - amulet of reflection
HPRegen 1.37/turn               H - ring of Licrijih {rElec rPois rC+ rCorr}
MPRegen 0.13/turn               I - ring of Elitism {EV+4 Int+5 Stlth-}

@: strong-willed (expiring), on berserk cooldown, flying, mesmerised,
regenerating (expiring), slowed, studying 2 skills, very slow
A: horns 2, retaliatory headbutt, iridescent scales 1, strong-willed 1, strong 1
}: 2/10 runes: decaying, serpentine
a: Renounce Religion, Berserk, Trog's Hand, Brothers in Arms


You were in the Dungeon.
You worshipped Trog.
Trog was exalted by your worship.
You visited 1 branch You collected 4388 gold pieces.
You spent 1869 gold pieces at shops.

Inventory:

Hand Weapons
 a - the +14 obsidian axe (weapon) {vorpal, Mesm Drain Fly SInv}
   (You found it in the Dungeon)

   It inflicts extra damage upon your enemies.
   It occasionally summons demons to assist the wielder when it strikes in
   combat.
   Its wielder is mesmerised by any visible foes.
   It cannot be unequipped while any foes are visible.
   SInv:      It lets you see invisible.
   Fly:       It grants you flight.
   Drain:     It drains your maximum health when unequipped.
 c - a +2 vorpal executioner's axe
 t - a +3 battleaxe of flaming
 w - the +13 quarterstaff of the Dead {vorpal, rPois}
   (Trog gifted it to you in the Dungeon)

   It inflicts extra damage upon your enemies.
   rPois:     It protects you from poison.
 z - a +4 executioner's axe of venom
 D - the +6 executioner's axe of Osaomerph {freeze, rC+ Str+3}
   (You acquired it in the Dungeon)

   It freezes those it strikes, dealing additional cold damage.
   It can also slow down cold-blooded creatures.
   Str:       It affects your strength (+3).
   rC:        It protects you from cold.
Missiles
 q - 4 javelins
 s - 7 curare-tipped darts (quivered)
Armour
 b - a +0 chain mail of fire resistance (worn)
 y - a +2 pair of boots (worn)
 K - the +1 buckler "Lipeipt" (worn) {Rampage Dex+2}
   (You took it off a deep elf pyromancer in the Dungeon)

   Dex:       It affects your dexterity (+2).
   Rampage:   It bestows one free step when moving towards enemies.
Jewellery
 r - an amulet of reflection (around neck)
 u - an amulet of the acrobat
 H - the ring of Licrijih (left hand) {rElec rPois rC+ rCorr}
   (You found it in the Dungeon)

   [ring of resist corrosion]

   rC:        It protects you from cold.
   rElec:     It insulates you from electricity.
   rPois:     It protects you from poison.
   rCorr:     It protects you from acid and corrosion.
 I - the ring of Elitism (right hand) {EV+4 Int+5 Stlth-}
   (You found it in the Dungeon)

   [ring of evasion]

   EV:        It affects your evasion (+4).
   Int:       It affects your intelligence (+5).
   Stlth:     It makes you less stealthy.
Wands
 n - a wand of paralysis (13)
 v - a wand of mindburst (7)
Scrolls
 h - a scroll of blinking
 i - a scroll of torment
 j - 4 scrolls of identify
 m - a scroll of holy word
 A - 2 scrolls of acquirement
 E - a scroll of enchant weapon
 F - 4 scrolls of amnesia {unknown}
 J - a scroll of silence {unknown}
Potions
 d - a potion of heal wounds
 e - a potion of haste
 f - 2 potions of magic
 g - 4 potions of berserk rage
 k - 4 potions of flight
 l - 4 potions of mutation
 o - 4 potions of might
 B - a potion of brilliance {unknown}
 C - a potion of experience
Miscellaneous
 p - a lightning rod (4/4)
 x - a box of beasts
 G - a phantom mirror


   Skills:
 + Level 25.9 Fighting
 O Level 27 Axes
 + Level 3.2 Throwing
 + Level 18.2 Armour
 + Level 15.1 Dodging
 + Level 13.0 Stealth
 + Level 11.5 Shields
 + Level 4.4 Evocations


You had 13 spell levels left.
You didn't know any spells.
Your spell library was empty.

Dungeon Overview and Level Annotations

Branches:
Dungeon (1/1)

Altars:
Cheibriados
Dithmenos
Elyvilon
Fedhas
Gozag
Hepliaklqana
Kikubaaqudgha
Makhleb
Nemelex Xobeh
Okawaru
Qazlal
Ru
Sif Muna
Trog
Uskayaw
Vehumet
Wu Jian
Xom
Yredelemnul
Zin
The Shining One
Beogh
Jiyva
Lugonu

Shops:
D ![==:[?:(:?=[!?!=(

Annotations:
D Mara


Innate Abilities, Weirdness & Mutations

You have a pair of horns on your head.
You reflexively headbutt those who attack you in melee.
You are partially covered in iridescent scales. (AC +2)
You are strong-willed. (Will+)
Your muscles are strong. (Str +2)


Message History

The vampire knight hits you but does no damage.
You block the vampire knight's attack.
Unknown command.
Unknown command.
You slice the vampire knight!!
The vampire knight is moderately damaged.
Your sixfirhy barely misses the hornet.
Your sixfirhy hits the hornet.
Your sixfirhy shocks the hornet!
The hornet misses your sixfirhy.
The vampire knight hits you with a +2 great mace!!
* * * LOW HITPOINT WARNING * * *
The vampire knight misses you.
Your stone giant hits the deep elf blademaster!!
Your sixfirhy completely misses the hornet.
Okay, then.
Blink to where?
Press: ? - help, Dir - move target You cannot blink away from the vampire knight!
Blink to where?
Press: ? - help, Dir - move target, f - you
Okay, then.
You feel much better.
Your sixfirhy is no longer moving slowly.
Your sixfirhy barely misses the hornet.
Your sixfirhy closely misses the hornet.
Your sixfirhy hits the hornet.
Your sixfirhy shocks the hornet!
Your sixfirhy hits the hornet!
The hornet dies!
Trog accepts your kill.
Your sixfirhy hits the vampire knight but does no damage.
The vampire knight hits you with a +2 great mace!!
* * * LOW HITPOINT WARNING * * *
You block the vampire knight's attack.
Your stone giant barely misses the deep elf blademaster.
The deep elf blademaster closely misses you. x2
You block the vampire knight's attack.
The vampire knight completely misses you.
Your sixfirhy hits the vampire knight but does no damage.
Your stone giant barely misses the deep elf blademaster.
The deep elf blademaster hits you with a +0 rapier!
You die...

..≈..≈...♣ #.§§§§§...#.⌠).⌠.#)...
...°°≈≈.P♣ #########§#......#####
♣..°○.°≈≈♣ #.#.#.#.#........#,,,*
♣♣♣♣♣♣∩∩∩♣ #......).........#,,,*
♣♣♣♣♣ #..)).5..........#,,,,
***********###'##############,,,,
,,,,≈,*,,,*##...##,*≈≈≈≈≈≈*******
,,,,,≈*,,,##.....##+*,≈≈.≈*,*,,,,
,,,,,,#'###....e@§###....≈*,*+***
,,,,,,'...'..)C.3V'z......,,*,,*,
,,,,,,#'###....433#####..≈*,*,,*,
,,,,,≈*≈≈≈##.....##^^,**,≈*,*,,*,
,,,,≈,*+*+*##...##*^*,,**+***,^*,
*++****,*,* ##'##**,**,**,,,*,,*,
+,,,,,*+****#.≈≈≈+*^**,****,*,,*,
*****,*,,+∩∩#.≈≈.*^^**,,,,,,*,,*,
,* **,****∩∩#.≈≈.*******+****,,*,


You could see a deep elf blademaster (ally target), a vampire knight
(mesmerising, fast, ally target), a skeletal warrior, a friendly stone giant
(summoned, berserk), a friendly hellwing (summoned) and 3 friendly sixfirhies.

Vanquished Creatures
  Rupert (D)
  3 deep elf blademasters (D)
  Gastronok (D)
  A nagaraja (D)
  Dowan (D)
  A vampire knight (D)
  2 deep elf demonologists (D)
  Azrael (D)
  2 dire elephants (D)
  A deep elf death mage (D)
  A fire dragon (D)
  Snorg (D)
  3 yaktaur captains (D)
  3 hydras (D)
  A naga warrior (D)
  2 centaur warriors (D)
  7 anacondas (D)
  4 dancing weapons (D)
  A satyr (shapeshifter) (D)
  Urug (D)
  4 death yaks (D)
  A titan zombie (D)
  A deep elf knight (D)
  A shadow wraith (D)
  3 death drakes (D)
  A spectral hydra (D)
  A lindwurm (D)
  An obsidian statue (D)
  2 deep elf pyromancers (D)
  A deep elf zephyrmancer (D)
  4 crystal guardians (D)
  An orc sorcerer (D)
  A stone giant skeleton (D)
  5 black mambas (D)
  A guardian serpent (D)
  2 elephants (D)
  4 statues (D)
  Duvessa (D)
  2 unseen horrors (D)
  2 cane toads (D)
  A rime drake (D)
  A komodo dragon (D)
  2 tyrant leeches (D)
  4 spriggan defenders (D)
  A queen bee (D)
  A hornet (D)
  4 orc high priests (D)
  8 blink frogs (D)
  2 slime creatures (D)
  3 wandering mushrooms (D)
  A shadow (D)
  2 nagas (D)
  3 redbacks (D)
  A spatial vortex (D)
  2 water moccasins (D)
  A swamp drake (D)
  3 orc warriors (D)
  8 swamp dragon skeletons (D)
  2 centaurs (D)
  An earth elemental (D)
  A necrophage (D)
  A water elemental (D)
  32 killer bees (D)
  An electric eel (D)
  3 orc priests (D)
  A jelly (D)
  A wizard (D)
  Jessica (D)
  A necromancer (D)
  3 orc wizards (D)
  3 humans (D)
  A kobold demonologist (D)
  2 adders (D)
  A phantom (D)
  7 orcs (D)
  A frilled lizard (D)
  3 rats (D)
  2 ballistomycete spores (D)
  A plant (D)
194 creatures vanquished.

Vanquished Creatures (collateral kills)
  A deep elf master archer (D)
  A deep elf annihilator (D)
  A deep elf high priest (D)
  A yaktaur captain (D)
  2 anacondas (D)
  An anaconda zombie (D)
  A spectral iron dragon (D)
  A yaktaur (D)
  A hornet (D)
  2 swamp dragon skeletons (D)
12 creatures vanquished.

Vanquished Creatures (others)
  3 ball lightnings (D)
  A ballistomycete spore (D)
  6 bushes (D)
  53 plants (D)
63 creatures vanquished.

Grand Total: 269 creatures vanquished

Notes
Turn   | Place    | Note
-------+----------+-------------------------------------------
     0 | D        | mhtbhm the Minotaur Berserker began the quest for the Orb.
     0 | D        | Reached XP level 1. HP: 19/19 MP: 0/0
    56 | D        | Reached skill level 4 in Axes
    68 | D        | Noticed Jessica
    74 | D        | Killed Jessica
    74 | D        | Reached ** piety under Trog
    75 | D        | Reached skill level 5 in Fighting
    75 | D        | Reached skill level 5 in Axes
    75 | D        | Reached XP level 2. HP: 15/29 MP: 1/1
   303 | D        | Reached skill level 6 in Axes
   303 | D        | Reached XP level 3. HP: 37/37 MP: 2/2
   345 | D        | Gained mutation: You have hidden genetic potential. [potion
                  | of mutation]
   345 | D        | Gained mutation: You are partially covered in iridescent
                  | scales. (AC +2) [potion of mutation]
   362 | D        | Noticed a water elemental
   364 | D        | Killed a water elemental
   364 | D        | Reached *** piety under Trog
   365 | D        | Reached skill level 8 in Axes
   365 | D        | Reached skill level 1 in Stealth
   365 | D        | Reached XP level 4. HP: 47/47 MP: 3/3
   386 | D        | Gained mutation: Your muscles are strong. (Str +2) [hidden
                  | potential]
   403 | D        | Found a basalt altar of Yredelemnul.
   403 | D        | Found a shadowy altar of Dithmenos.
   403 | D        | Found a sacrificial altar of Ru.
   403 | D        | Noticed a necrophage
   411 | D        | Killed a necrophage
   412 | D        | Reached skill level 9 in Axes
   412 | D        | Reached XP level 5. HP: 56/56 MP: 4/4
   421 | D        | Gained mutation: You are strong-willed. (Will+) [hidden
                  | potential]
   421 | D        | Lost mutation: You have hidden genetic potential. [hidden
                  | potential expressed]
   553 | D        | Found a hide-covered altar of Uskayaw.
   553 | D        | Found an iron altar of Okawaru.
   553 | D        | Found a bloodstained altar of Trog.
   553 | D        | Found an ornate altar of the Wu Jian Council.
   553 | D        | Noticed a human
   555 | D        | Noticed a human
   559 | D        | Killed a human
   560 | D        | Reached skill level 11 in Axes
   560 | D        | Reached skill level 5 in Dodging
   560 | D        | Reached XP level 6. HP: 66/66 MP: 5/5
   564 | D        | Killed a human
   564 | D        | Reached **** piety under Trog
   565 | D        | Reached skill level 10 in Fighting
   565 | D        | Reached skill level 12 in Axes
   565 | D        | Reached skill level 5 in Armour
   619 | D        | Found a glowing silver altar of Zin.
   619 | D        | Found a glowing golden altar of the Shining One.
   619 | D        | Found a white marble altar of Elyvilon.
   620 | D        | Noticed a deep elf pyromancer
   624 | D        | Noticed a fire elemental
   624 | D        | Noticed a fire elemental
   632 | D        | Killed a deep elf pyromancer
   633 | D        | Reached skill level 14 in Axes
   633 | D        | Reached XP level 7. HP: 56/77 MP: 6/6
   803 | D        | Found a radiant altar of Vehumet.
   803 | D        | Found a shimmering blue altar of Sif Muna.
   803 | D        | Found an ancient bone altar of Kikubaaqudgha.
   871 | D        | Noticed a shadow
   882 | D        | Killed a shadow
   882 | D        | Reached ***** piety under Trog
   883 | D        | Reached XP level 8. HP: 46/85 MP: 7/7
  1035 | D        | Found a blossoming altar of Fedhas.
  1035 | D        | Found a stormy altar of Qazlal.
  1035 | D        | Found a snail-covered altar of Cheibriados.
  1035 | D        | Found a burning altar of Makhleb.
  1035 | D        | Found a shimmering altar of Xom.
  1036 | D        | Found a hazy altar of Hepliaklqana.
  1036 | D        | Found an opulent altar of Gozag.
  1036 | D        | Found a sparkling altar of Nemelex Xobeh.
  1036 | D        | Found a corrupted altar of Lugonu.
  1036 | D        | Found a viscous altar of Jiyva.
  1048 | D        | Reached skill level 15 in Axes
  1219 | D        | Noticed Snorg
  1225 | D        | Killed Snorg
  1226 | D        | Reached skill level 16 in Axes
  1226 | D        | Reached skill level 5 in Stealth
  1465 | D        | Noticed a centaur warrior
  1468 | D        | Received a gift from Trog
  1469 | D        | Reached XP level 9. HP: 93/94 MP: 8/8
  1481 | D        | Killed a centaur warrior
  1482 | D        | Reached skill level 17 in Axes
  1683 | D        | Killed an unseen horror
  1689 | D        | Killed an unseen horror
  1819 | D        | Noticed a wandering mushroom
  1823 | D        | Noticed a wandering mushroom
  1825 | D        | Noticed a wandering mushroom
  1843 | D        | Reached skill level 15 in Fighting
  1843 | D        | Reached skill level 10 in Dodging
  1912 | D        | Noticed a cane toad
  1912 | D        | Noticed a komodo dragon
  1912 | D        | Noticed a cane toad
  1925 | D        | Killed a cane toad
  1926 | D        | Reached skill level 18 in Axes
  1926 | D        | Reached XP level 10. HP: 67/105 MP: 9/9
  1929 | D        | Killed a cane toad
  1929 | D        | Received a gift from Trog
  2192 | D        | Reached ****** piety under Trog
  2299 | D        | Noticed a lindwurm
  2304 | D        | Killed a lindwurm
  2451 | D        | Noticed Urug
  2456 | D        | Killed Urug
  2457 | D        | Reached skill level 19 in Axes
  2588 | D        | Noticed a six-headed hydra
  2588 | D        | Noticed an eight-headed hydra
  2595 | D        | Killed a seven-headed hydra
  2599 | D        | Killed a four-headed hydra
  2645 | D        | Noticed a death drake
  2650 | D        | Killed a death drake
  2651 | D        | Reached XP level 11. HP: 117/117 MP: 10/10
  2829 | D        | Received a gift from Trog
  2846 | D        | Reached skill level 20 in Axes
  3018 | D        | Noticed an orc sorcerer
  3020 | D        | Killed an orc sorcerer
  3020 | D        | Received a gift from Trog
  3021 | D        | Reached skill level 1 in Evocations
  3021 | D        | Received a gift from Trog
  3022 | D        | Found Tewot's Jewellery Boutique.
  3026 | D        | Reached skill level 10 in Stealth
  3122 | D        | Bought an amulet of reflection for 420 gold pieces
  3164 | D        | Noticed a deep elf knight
  3164 | D        | Noticed a deep elf pyromancer
  3164 | D        | Noticed a deep elf knight
  3164 | D        | Noticed a deep elf zephyrmancer
  3164 | D        | Noticed a deep elf zephyrmancer
  3204 | D        | Received a gift from Trog
  3205 | D        | Reached skill level 1 in Throwing
  3205 | D        | Received a gift from Trog
  3207 | D        | Received a gift from Trog
  3211 | D        | Received a gift from Trog
  3241 | D        | Noticed Dowan
  3241 | D        | Noticed Duvessa
  3252 | D        | Killed Dowan
  3253 | D        | Reached skill level 21 in Axes
  3254 | D        | Killed Duvessa
  3254 | D        | Received a gift from Trog
  3620 | D        | Noticed a sun demon
  3852 | D        | Noticed an obsidian statue
  3861 | D        | Killed an obsidian statue
  3870 | D        | Noticed a crystal guardian
  3870 | D        | Noticed a crystal guardian
  3870 | D        | Noticed a crystal guardian
  3876 | D        | Found Peruabiy's Antique Armour Emporium.
  3876 | D        | Found Jank's Magic Scroll Shop.
  3876 | D        | Found Fischeg's Magic Scroll Boutique.
  3876 | D        | Found Xuuliph's Antique Weapon Shoppe.
  3876 | D        | Found Haaluyfu's Jewellery Boutique.
  3876 | D        | Found Jaczu's Distillery.
  3876 | D        | Found Jufuet's Book Shoppe.
  3876 | D        | Found Vikhegg's Antique Weapon Shop.
  3876 | D        | Found Woekh's Jewellery Emporium.
  3876 | D        | Found Niskiler's Book Emporium.
  3876 | D        | Found Hezihaa's Distillery.
  3913 | D        | Bought a scroll of magic mapping for 35 gold pieces
  3913 | D        | Bought a scroll of identify for 20 gold pieces
  3919 | D        | Bought a potion of heal wounds for 65 gold pieces
  3919 | D        | Bought a potion of curing for 39 gold pieces
  3919 | D        | Bought a potion of curing for 39 gold pieces
  3924 | D        | Bought a potion of heal wounds for 50 gold pieces
  3924 | D        | Bought a potion of heal wounds for 50 gold pieces
  3924 | D        | Bought a potion of heal wounds for 50 gold pieces
  3924 | D        | Bought a potion of might for 40 gold pieces
  3932 | D        | Bought a runed chain mail for 172 gold pieces
  3998 | D        | Identified the +13 quarterstaff of the Dead {vorpal, rPois}
                  | (Trog gifted it to you in the Dungeon)
  3998 | D        | Received a gift from Trog
  4004 | D        | Reached skill level 1 in Shields
  4370 | D        | Noticed a wolf spider
  4371 | D        | Noticed a centaur warrior
  4372 | D        | Noticed an entropy weaver
  4372 | D        | a wolf spider changed into an entropy weaver
  4377 | D        | Killed a centaur warrior
  4378 | D        | Reached XP level 12. HP: 101/130 MP: 11/11
  4380 | D        | Noticed a quicksilver ooze
  4381 | D        | Noticed a satyr
  4381 | D        | a quicksilver ooze changed into a satyr
  4384 | D        | Killed a satyr
  4385 | D        | Reached skill level 10 in Armour
  4493 | D        | Noticed a fire dragon
  4498 | D        | Killed a fire dragon
  4506 | D        | Reached skill level 22 in Axes
  4525 | D        | Found the +14 obsidian axe {vorpal, Mesm Drain Fly SInv}
  4538 | D        | Received a gift from Trog
  4814 | D        | Noticed a yaktaur captain
  4814 | D        | Noticed a yaktaur captain
  4817 | D        | Noticed a yaktaur captain
  4823 | D        | Killed a yaktaur captain
  5125 | D        | Killed a yaktaur captain
  5129 | D        | Killed a yaktaur captain
  5407 | D        | Noticed Azrael
  5411 | D        | Killed Azrael
  5412 | D        | Reached skill level 23 in Axes
  5525 | D        | Noticed a dire elephant
  5525 | D        | Noticed a dire elephant
  5526 | D        | Noticed Gastronok
  5536 | D        | Killed a dire elephant
  5536 | D        | Received a gift from Trog
  5540 | D        | Killed a dire elephant
  5549 | D        | Killed Gastronok
  5550 | D        | Reached XP level 13. HP: 108/145 MP: 12/12
  5658 | D        | Noticed an azure jelly
  5658 | D        | Noticed an azure jelly
  5658 | D        | Noticed an azure jelly
  5659 | D        | Noticed an azure jelly
  5662 | D        | Noticed Rupert
  5671 | D        | Killed Rupert
  5671 | D        | Received a gift from Trog
  5740 | D        | Reached skill level 24 in Axes
  5741 | D        | Received a gift from Trog
  5763 | D        | Reached skill level 5 in Shields
  5967 | D        | Reached skill level 15 in Armour
  5968 | D        | Received a gift from Trog
  5989 | D        | Received a gift from Trog
  5990 | D        | Reached skill level 25 in Axes
  6117 | D        | Noticed a nagaraja
  6119 | D        | Found Amext's Distillery.
  6119 | D        | Found Joneefeu's Antique Armour Emporium.
  6126 | D        | Killed a nagaraja
  6130 | D        | Found Joczo's Jewellery Shop.
  6150 | D        | Bought a potion of experience for 700 gold pieces
  6155 | D        | Bought a potion of might for 56 gold pieces
  6249 | D        | Identified the +11 hand axe of the Everdark {vorpal, rElec}
                  | (Trog gifted it to you in the Dungeon)
  6249 | D        | Received a gift from Trog
  6254 | D        | Got a serpentine rune of Zot
  6278 | D        | Acquired the +6 executioner's axe of Osaomerph {freeze, rC+
                  | Str+3}
  6424 | D        | Identified the +6 quarterstaff of Deyluka {vorpal, +Blink
                  | Str+2 Int-4 Dex+4} (Trog gifted it to you in the Dungeon)
  6424 | D        | Received a gift from Trog
  6787 | D        | Found Doesiuxog's Book Emporium.
  6787 | D        | Found Wuddenurph's Antique Armour Shop.
  6790 | D        | Found Neg Ineo's Magic Scroll Shoppe.
  6815 | D        | Bought a scroll of enchant weapon for 105 gold pieces
  6815 | D        | Bought a scroll of fog for 28 gold pieces
  6851 | D        | Received a gift from Trog
  7163 | D        | Got a decaying rune of Zot
  7655 | D        | Noticed a deep elf demonologist
  7865 | D        | Noticed a deep elf demonologist
  7865 | D        | Noticed a deep elf death mage
  7865 | D        | Identified the +1 buckler "Lipeipt" {Rampage Dex+2}
  7867 | D        | Noticed a deep elf annihilator
  7879 | D        | Killed a deep elf demonologist
  7882 | D        | Killed a deep elf death mage
  7884 | D        | Killed a ghostly deep elf demonologist
  7886 | D        | Killed a deep elf demonologist
  7886 | D        | Received a gift from Trog
  7887 | D        | Reached XP level 14. HP: 127/160 MP: 13/13
  7889 | D        | Reached skill level 26 in Axes
  7889 | D        | Noticed a deep elf master archer
  7893 | D        | Killed a deep elf master archer
  7992 | D        | Identified the ring of Licrijih {rElec rPois rC+ rCorr}
  7992 | D        | Identified the ring of Elitism {EV+4 Int+5 Stlth-}
  8089 | D        | Received a gift from Trog
  8240 | D        | Noticed a deep elf blademaster
  8249 | D        | Killed a deep elf blademaster
  8250 | D        | Reached skill level 15 in Dodging
  8393 | D        | Received a gift from Trog
  8421 | D        | Noticed a deep elf blademaster
  8424 | D        | Noticed a deep elf blademaster
  8434 | D        | Killed a deep elf blademaster
  8435 | D        | Reached skill level 10 in Shields
  8435 | D        | Killed a deep elf blademaster
  8452 | D        | Received a gift from Trog
  8455 | D        | Noticed Mara
  8459 | D        | Noticed a vampire knight
  8460 | D        | Noticed a vampire knight
  8474 | D        | Killed a vampire knight
  8475 | D        | Reached skill level 27 in Axes
  8475 | D        | Noticed mhtbhm's illusion
  8475 | D        | Noticed a deep elf blademaster
  8478 | D        | HP: 4/163 [vampire knight/+2 great mace (29)]
  8479 | D        | Slain by a deep elf blademaster

Illustrated notes

Levels and vault maps discovered:
D:        dungeon_sprint_mu [sprint_mu_entry_cave, sprint_mu_temple_rooms,
          sprint_mu_d1_horrors, sprint_mu_d2_genie, sprint_mu_d3_branching,
          sprint_mu_orc_legion, sprint_mu_elf_gauntlet, sprint_mu_hive_nellie,
          sprint_mu_lair_fedhas, sprint_mu_vaults_butterflies,
          sprint_mu_slime_circle, sprint_mu_swamp_cave, sprint_mu_snake_twists,
          sprint_mu_blade_basic, sprint_mu_crypt_lich, sprint_mu_tomb_spiral,
          sprint_mu_vestibule_basic, sprint_mu_gehenna_hellfire,
          sprint_mu_dis_giant, sprint_mu_tartarus_statrot,
          sprint_mu_cocytus_islands, sprint_mu_zot1]

Skill      XL: |  1  2  3  4  5  6  7  8  9 10 11 12 13 14 |
---------------+-------------------------------------------+-----
Fighting       | 5 7 8 9 12 13 15 17 19 21 24 25 | 25.9
Axes           | 5 6 8 9 11 14 16 18 19 21 23 25 27 | 27.0
Armour         | 3 4 5 6 9 13 16 18 | 18.2
Dodging        | 3 4 5 6 7 10 12 13 14 15 | 15.1
Stealth        | 1 2 3 5 7 9 10 11 12 13 | 13.0
Evocations     | 3 4 |  4.4
Throwing       | 1 3 |  3.2
Shields        | 1 4 8 11 | 11.5

Action                   |  1- 3 |  4- 6 |  7- 9 | 10-12 | 13-15 || total
-------------------------+-------+-------+-------+-------+-------++-------
Melee: Hand axe          |    20 |    27 |    53 |       |       ||   100
       Headbutt          |     1 |     3 |    15 |    52 |    32 ||   103
       Battleaxe         |       |       |    27 |   156 |       ||   183
       Broad axe         |       |       |       |    43 |   180 ||   223
       Punch             |       |       |       |       |     3 ||     3
Throw: Javelin           |       |       |       |     1 |     2 ||     3
       Dart              |       |       |       |       |     1 ||     1
Invok: Berserk           |     3 |     3 |     4 |     6 |     3 ||    19
       Brothers in Arms  |       |       |       |       |     3 ||     3
       Trog's Hand       |       |       |       |       |     2 ||     2
Evoke: Wand              |       |       |     1 |     1 |       ||     2
       Lightning rod     |       |       |       |     9 |       ||     9
  Use: Potion            |     1 |       |       |     1 |     9 ||    11
       Scroll            |       |       |       |     3 |     2 ||     5
 Stab: Sleeping          |     1 |       |     1 |     9 |     2 ||    13
       Paralysed         |       |       |     3 |       |       ||     3
       Distracted        |       |       |       |     1 |     3 ||     4
       Confused          |       |       |       |       |     2 ||     2
Armor: Animal skin       |     1 |     3 |    15 |     2 |       ||    21
       Scale mail        |       |       |       |    13 |       ||    13
       Chain mail        |       |       |       |    32 |    78 ||   110
Dodge: Dodged            |     8 |     8 |    38 |    88 |    99 ||   241
Block: Other             |       |       |       |    13 |    26 ||    39
       Reflection        |       |       |       |     2 |     3 ||     5
       Buckler           |       |       |       |       |    33 ||    33

Table legend: (Time is in decaauts)
 A = Elapsed time spent in this place.
 B = Non-inter-level travel time spent in this place.
 C = Inter-level travel time spent in this place.
 D = Time resting spent in this place.
 E = Time spent auto-exploring this place.
 F = Levels seen in this place.
 G = Mean time per level.
                   A        B        C        D        E       F      G
               +--------+--------+--------+--------+--------+-----+--------+
         Total |   8553 |   8476 |     77 |   5571 |    603 |   1 | 8553.0 |
       Dungeon |   8553 |   8476 |     77 |   5571 |    603 |   1 | 8553.0 |
               +--------+--------+--------+--------+--------+-----+--------+

Top non-repeatable levels by time:
       D: 8553 daAuts
